 Dungeon Crawl Stone Soup version 0.21.1-1-g345015fe64 (webtiles) character file.

191 RaHiT the Sneak (level 5, -1/38 HPs)
             Began as a Vampire Assassin on Feb 23, 2018.
             Slain by an orc priest
             ... wielding a +0 trident
              (8 damage)
             ... on level 3 of the Dungeon.
             The game lasted 00:12:52 (2270 turns).

RaHiT the Sneak (Vampire Assassin)                  Turns: 2270, Time: 00:12:53

Health: -1/38      AC:  3    Str: 10    XL:     5   Next: 42%
Magic:  5/5        EV: 14    Int: 14    God:
Gold:   134        SH:  0    Dex: 16    Spells: 4/4 levels left

rFire    . . .     SeeInvis +   a - +2 dagger
rCold    . . .     Gourm    .   (no shield)
rNeg     + . .     Faith    .   c - +0 robe
rPois    .         Spirit   .   (no helmet)
rElec    .         Reflect  .   m - +0 cloak
rCorr    .         Harm     .   (no gloves)
MR       .....                  (no boots)
Stlth    ++++......             (no amulet)
HPRegen  0.12/turn              (no ring)
MPRegen  0.09/turn              (no ring)

@: no status effects
A: fangs 3, see invisible, unbreathing
a: Bat Form


You were on level 3 of the Dungeon.
You were not thirsty.

You visited 1 branch of the dungeon, and saw 4 of its levels.

You collected 134 gold pieces.

Inventory:

Hand Weapons
 a - a +2 dagger (weapon)
 b - a +0 blowgun
Missiles
 e - 8 poisoned needles
 f - 2 curare-tipped needles
 h - 3 needles of sleeping
 l - 5 tomahawks (quivered)
Armour
 c - a +0 robe (worn)
 d - a +0 cloak
 m - a +0 cloak (worn)
Scrolls
 q - a scroll of amnesia
 r - 3 scrolls of random uselessness {unknown}
Potions
 g - 3 potions of might
 i - 2 potions of curing
 j - a potion of ambrosia
 k - 2 potions of haste
 o - 10 potions of blood
 p - a potion of degeneration {unknown}
 s - a potion of agility {unknown}
Books
 n - a book of Cantrips

   Spells                             Type                      Level
   a - Confusing Touch                Hexes                        1
   b - Animate Skeleton               Necromancy                   1
   c - Summon Small Mammal            Summoning                    1
   d - Apportation                    Translocation                1


   Skills:
 - Level 2.0 Fighting
 + Level 3.1 Short Blades
 - Level 2.2 Throwing
 * Level 3.3 Dodging
 * Level 7.8 Stealth


You had 4 spell levels left.
You didn't know any spells.

Dungeon Overview and Level Annotations

Branches:
Dungeon (4/15)
 Temple: D:4-7

Altars:
Ru


Innate Abilities, Weirdness & Mutations

You have razor-sharp teeth.
You have supernaturally acute eyesight. (SInv)
You can survive without breathing.


Message History

You hit the orc priest but do no damage.
The orc priest is heavily wounded.
The orc priest closely misses you.
You hit the orc priest.
The orc priest is heavily wounded.
The orc priest barely misses you.
You hit the orc priest but do no damage.
The orc priest is heavily wounded.
The orc priest mumbles some strange prayers to Beogh against you.
You struggle to resist.
You hit the orc priest.
The orc priest is almost dead.
You hit the orc priest but do no damage.
The orc priest is almost dead.
The orc priest hits you with a trident.
* * * LOW HITPOINT WARNING * * *
You closely miss the orc priest.
The orc priest is almost dead.
The orc priest hits you with a trident!
You die...

#....# ########## #.##.#
#<.......# #o##.# #.######.##
#.##.####### #.##......#
##........... #.##.###..####
#.....######. #.##.........#
##...#.# #. #.##......##.#
#......# #. ##
#.###.##.###@####...#.# #. .#
#.###.##.# #.o......#.# #. .#
#........# ######..##.# #. .#
#####.#### #..##.# #. .# #.######
#..##.# #. .# #......# ##.....#
#. .## ######.# ##.....## ## ..##
##.#.# ##.......## ##.
...########....###.........####..


You could see an orc priest.

Vanquished Creatures
  The ghost of luab the Changer, an amateur OpTm (D:3)
  2 adders
  2 worms (D:3)
  A dart slug (D:1)
  3 leopard geckos
  4 orcs
  2 giant cockroaches (D:1)
  6 goblins
  4 hobgoblins
  3 jackals (D:2)
  4 kobolds
  A quokka (D:3)
  2 bats (D:1)
  3 frilled lizards
  6 rats
44 creatures vanquished.

Notes
Turn   | Place    | Note
-------+----------+-------------------------------------------
     0 | D:1      | RaHiT the Vampire Assassin began the quest for the Orb.
     0 | D:1      | Reached XP level 1. HP: 16/16 MP: 1/1
   166 | D:1      | Reached skill level 6 in Stealth
   317 | D:1      | Reached XP level 2. HP: 22/22 MP: 2/2
   861 | D:2      | You fall through a shaft for 2 floors!
   896 | D:4      | Reached XP level 3. HP: 21/27 MP: 3/3
  1092 | D:3      | Noticed luab's ghost (amateur OpTm)
  1100 | D:3      | Killed luab's ghost
  1100 | D:3      | Reached skill level 7 in Stealth
  1100 | D:3      | Reached XP level 4. HP: 28/33 MP: 4/4
  1100 | D:3      | Reached XP level 5. HP: 32/38 MP: 5/5
  1687 | D:2      | Found a sacrificial altar of Ru.
  2270 | D:3      | Slain by an orc priest

Skill      XL: |  1  2  3 |
---------------+----------+-----
Stealth        | 6 7 |  7.8
Fighting       | 2 |  2.0
Dodging        | 3 |  3.3
Short Blades   | 3 |  3.1
Throwing       | 2 |  2.2

Action                   |  1- 3 |  4- 6 || total
-------------------------+-------+-------++-------
Melee: Dagger            |    86 |    79 ||   165
       Bite              |    10 |     7 ||    17
  Use: Potion            |     8 |     1 ||     9
       Scroll            |     6 |       ||     6
 Stab: Sleeping          |     9 |     3 ||    12
Armor: Robe              |    10 |     4 ||    14
Dodge: Dodged            |    50 |    39 ||    89
